 Dungeon Crawl Stone Soup version 0.31.0-12-g77e489cdc1 (webtiles) character file.

Game seed: 9041879649620232585

23 Doomgape the Trooper (level 2, 0/29 HPs)
             Began as a Troll Fighter on Mar 2, 2024.
             Slain by a blink frog (17 damage)
             ... on level 1 of the Abyss.
             The game lasted 00:01:35 (672 turns).

Doomgape the Trooper (Troll Fighter)                 Turns: 672, Time: 00:01:36

Health: 0/29       AC:  4    Str: 23      XL:     2   Next: 72%
Magic:  1/1        EV:  8    Int:  4      God:
Gold:   17         SH:  7    Dex:  7 (9)  Spells: 1/1 levels left

rFire   . .          .
                       - Unarmed
rCold   . . .        b - +0 kite shield
rNeg    . . .        a - +0 robe
rPois   .            (helmet restricted)
rElec   .            (no cloak)
rCorr   .            (gloves unavailable)
SInv    .            (boots unavailable)
Will    .....        (no amulet)
Stlth   +            (no ring)
HPRegen 1.04/turn    (no ring)
MPRegen 0.07/turn

%: no passive effects
@: no status effects
A: large, unfitting armour, claws 3, regeneration 1, shaggy fur 1, tough skin 1
a: no special abilities


You were on level 1 of the Abyss.
You visited 1 branch of the dungeon, and saw 1 of its levels.
You visited the Abyss 1 time.

You collected 17 gold pieces.

Inventory:

Armour
 a - a +0 robe (worn)
 b - a +0 kite shield (worn)
Scrolls
 d - a scroll of identify {unknown}
 g - a scroll of enchant armour {unknown}
 h - a scroll of amnesia {unknown}
Potions
 c - a potion of might
 e - a potion of heal wounds {unknown}
 f - a potion of haste {unknown}


   Skills:
 + Level 2.7 Fighting
 + Level 2.7 Dodging
 - Level 2.6 Shields
 + Level 2.5 Unarmed Combat


You had one spell level left.
You didn't know any spells.
Your spell library contained the following spells:

 Spells                   Type           Power      Damage    Failure   Level
 Summon Small Mammal      Summ           0%         N/A       78%         1
 Call Canine Familiar     Summ           0%         N/A       98%         3
 Summon Blazeheart Golem  Fire/Summ      0%         N/A       100%        4


Dungeon Overview and Level Annotations

Branches:
Dungeon (1/15)

Altars:


Innate Abilities, Weirdness & Mutations

You are too large for most types of armour.
You have claws for hands.
Your natural rate of healing is unusually fast.
You are covered in fur. (AC +1)
You have tough skin. (AC +1)


Message History

The quasit claws you but does no damage.
Unknown command.
The quasit attacks as it pursues you! You block the quasit's attack.
The quasit claws you. You block the quasit's attack.
The blink frog blinks!
The quasit attacks as it pursues you! The quasit bites you.
You feel clumsy. The quasit claws you.
You feel clumsy.
The quasit claws you but does no damage.
The blink frog attacks as it pursues you!
The blink frog hits you.
The blink frog attacks as it pursues you!
The blink frog hits you.
The blink frog blinks!
The blink frog blinks!
The iron imp hits you. The iron imp attacks as it pursues you!
The iron imp hits you!
A blink frog comes into view.
The blink frog gives a loud, deep croak!
The blink frog blinks!
The iron imp attacks as it pursues you! You block the iron imp's attack.
The blink frog blinks!
The blink frog blinks!
The blink frog blinks!
The blink frog blinks!
The blink frog blinks!
The blink frog blinks!
The blink frog attacks as it pursues you!
You block the blink frog's attack.
The blink frog blinks!
The blink frog blinks!
Found a corrupted altar of Lugonu.
The blink frog blinks!
You claw the blink frog!
The blink frog is moderately wounded.
The blink frog hits you!
The blink frog blinks!
Unknown command.
You block the blink frog's attack.
The blink frog attacks as it pursues you!
The blink frog hits you. The blink frog hits you!
Ouch! That really hurt!
You die...

##..#...#.#. .#
#..##..5# ....#
# ##..# ..#
##.... #..#...#
.#.# #. .#
#.....#ยง#.##..
#.# #..#..#.#..#
.##. ..#
##.##5#..##..##.
# #...F..###..##
# #.##@#.# . . .
#.....#.###.##
##.##..#.. #.
###..#. . #.. #
.. .#.. .# # #
.#


You could see a blink frog and a quasit.

Vanquished Creatures
  2 ball pythons (D:1)
  An endoplasm (D:1)
  3 giant cockroaches (D:1)
  3 goblins (D:1)
  2 hobgoblins (D:1)
  A quokka (D:1)
  A bat (D:1)
  2 frilled lizards (D:1)
  2 kobolds (D:1)
  4 rats (D:1)
21 creatures vanquished.

Notes
Turn   | Place    | Note
-------+----------+-------------------------------------------
     0 | D:1      | Doomgape the Troll Fighter began the quest for the Orb.
     0 | D:1      | Reached XP level 1. HP: 22/22 MP: 0/0
   158 | D:1      | Reached XP level 2. HP: 29/29 MP: 1/1
   587 | Abyss:1  | Cast into level 1 of the Abyss (kobold)
   612 | Abyss:1  | Noticed a blink frog
   612 | Abyss:1  | Noticed a blink frog
   614 | Abyss:1  | Noticed a blink frog
   624 | Abyss:1  | Noticed a blink frog
   658 | Abyss:1  | Found a corrupted altar of Lugonu.
   672 | Abyss:1  | Slain by a blink frog

Illustrated notes

Levels and vault maps discovered:
D:1:      psy_arrival_spokes, layout_basic
Abyss:1:  base: Temple, base:
Temple

Action                     || total
---------------------------++-------
  Melee: Unarmed           ||    47
   Stab: Sleeping          ||     1
 Armour: Robe              ||    37
  Dodge: Dodged            ||    11
  Block: Kite shield       ||    25
